 Dungeon Crawl Stone Soup version 0.18-a0-1120-g03bd624 (webtiles) character file.

22 root the Ogre Mage (level 2, 0/36 HPs)
             Began as an Ogre Fire Elementalist on Jan 17, 2016.
             Was a Follower of Ashenzari.
             Succumbed to an adder's poison
             ... on level 2 of the Dungeon.
             The game lasted 00:05:20 (599 turns).

root the Ogre Mage (Ogre Fire Elementalist)          Turns: 599, Time: 00:05:21

Health: 0/36       AC: 21    Str: 17    XL:     2   Next: 91%
Magic:  2/5        EV:  1    Int: 14    God:    Ashenzari [*.....]
Gold:   16         SH:  0    Dex: 10    Spells: 1 memorised, 5 levels left

rFire  . . .     SeeInvis .     (no weapon)
rCold  . . .     Gourm    .     (armour currently unavailable)
rNeg   + + +     Faith    .     (no shield)
rPois  +         Spirit   .     (helmet currently unavailable)
rElec  .         Dismiss  .     (cloak currently unavailable)
rCorr  .         Reflect  .     (gloves unavailable)
SustAt .         Harm     .     (boots unavailable)
MR     .....     NoTele   +     (no amulet)
Stlth  ++........               (no ring)
                                (no ring)

@: mighty, lethally poisoned (0 -> -3), tree-form, very slightly contaminated,
not resistant to hostile enchantments, unstealthy
A: unfitting armour, (tough skin 0)
a: Scrying, Renounce Religion


You were on level 2 of the Dungeon.
You worshipped Ashenzari.
Ashenzari was aware of your devotion.
You were not hungry.
You were a tree.
You visited 1 branch of the dungeon, and saw 2 of its levels.

You collected 16 gold pieces.

Inventory:

Armour
 a - a +0 robe (melded)
Jewellery
 h - an uncursed ring of stealth
Scrolls
 e - 3 scrolls of curse armour
 g - a scroll of enchant weapon {unknown}
 i - 2 scrolls of identify {unknown}
 k - a scroll of teleportation {unknown}
Books
 b - a book of Flames

   Spells                             Type                      Level
   a - Flame Tongue                   Conjuration/Fire             1
   b - Throw Flame                    Conjuration/Fire             2
   c - Conjure Flame                  Conjuration/Fire             3
   d - Inner Flame                    Hexes/Fire                   3
   e - Sticky Flame                   Conjuration/Fire             4
   f - Fireball                       Conjuration/Fire             5
Comestibles
 c - a bread ration
 f - a chunk of flesh
 l - a slice of pizza


   Skills:
 + Level 1.9 Dodging
 - Level 1.5 Stealth
 + Level 2.8 Spellcasting
 * Level 0.8 Conjurations
 * Level 2.6 Fire Magic


You had 5 spell levels left.
You knew the following spells:

 Your Spells              Type           Power        Failure   Level  Hunger
a - Flame Tongue          Conj/Fire      #....        14%         1    #......


Dungeon Overview and Level Annotations

Branches:
Dungeon (2/15)

Altars:
Ashenzari
Cheibriados
Elyvilon
Gozag
Kikubaaqudgha
Trog
The Shining One


Innate Abilities, Weirdness & Mutations

You are too large for most types of armour.
((You have tough skin (AC +1).))


Message History

The adder barely misses you.
You hit the adder.
You kill the adder!
* * * LOW HITPOINT WARNING * * *
You feel sick.
Drink which item? (? for menu, Esc to quit)
It was a potion of lignification.
You turn into a tree.
Your +0 robe melds into your body.
Your roots penetrate the ground.
* * * LOW HITPOINT WARNING * * *
You feel sick.
Drink which item? (? for menu, Esc to quit)
It was a potion of might.
You feel very mighty all of a sudden.
* * * LOW HITPOINT WARNING * * *
You feel sick.
* * * LOW HITPOINT WARNING * * *
You feel sick.
* * * LOW HITPOINT WARNING * * *
You feel sick.
You die...

#.# .## .# #.#
#.##.#.#.#.#.# #.#
#.#..>....... #.#
##.##.#.#.#.# #.
##.####...........
#.........#.#.#.#.#.#
##.####.##...........
#.........#.#.#.#.#.
##.######...♣........
###.#.#.#.#.#
#......... ##.#.#.#.#
######.... ....# ....
##


There were no monsters in sight!

Vanquished Creatures
  An adder (D:2)
  A worm (D:2)
  4 bats
  A giant cockroach (D:1)
  A goblin (D:1)
  A kobold (D:2)
  A giant newt (D:2)
  A rat (D:2)
11 creatures vanquished.

Notes
Turn   | Place    | Note
--------------------------------------------------------------
     0 | D:1      | root the Ogre Fire Elementalist began the quest for the Orb.
     0 | D:1      | Reached XP level 1. HP: 16/16 MP: 3/3
   241 | D:2      | Found a faded altar to an unknown god.
   248 | D:2      | Became a worshipper of Ashenzari the Shackled
   248 | D:2      | Reached * piety under Ashenzari
   252 | D:2      | Reached XP level 2. HP: 24/24 MP: 1/5
   476 | D:2      | Found a white marble altar of Elyvilon.
   485 | D:2      | Found a bloodstained altar of Trog.
   489 | D:2      | Found an opulent altar of Gozag.
   491 | D:2      | Found an ancient bone altar of Kikubaaqudgha.
   493 | D:2      | Found a glowing golden altar of the Shining One.
   496 | D:2      | Found a snail-covered altar of Cheibriados.
   596 | D:2      | HP: 1/36 [poisoned by an adder]
   599 | D:2      | Succumbed to an adder's poison

Vault maps used:
D:1:      dpeg_arrival_tiny_a
D:2:      minitemple, ecumenical_altar_2, st_stairs_10, elyvilon_altar_4

Action                   || total
-------------------------++-------
Melee: Unarmed           ||    10
 Cast: Flame Tongue      ||    23
  Use: Potion            ||     2
